 Dungeon Crawl Stone Soup version 0.26-a0-259-g1effd001a9 (webtiles) character file.

Game seed: 12324721439224423204

11169 sanka the Geomancer (level 12, -5/84 HPs)
             Began as a Halfling Earth Elementalist on July 18, 2020.
             Was a High Priest of Cheibriados.
             Slain by an eight-headed hydra (9 damage)
             ... on level 11 of the Dungeon.
             The game lasted 00:34:31 (14568 turns).

sanka the Geomancer (Halfling Earth Elementalist)  Turns: 14568, Time: 00:34:32

Health: -5/84      AC:  9    Str: 23    XL:     12   Next: 4%
Magic:  16/16      EV: 31    Int: 31    God:    Cheibriados [*****.]
Gold:   318        SH:  0    Dex: 30    Spells: 6/17 levels left

rFire    + . .     SeeInvis .   j - +3 demon trident (freeze)
rCold    . . .     Faith    +   (shield currently unavailable)
rNeg     . . .     Spirit   .   E - +2 robe {Archmagi}
rPois    .         Reflect  .   L - +0 helmet
rElec    .         Harm     .   t - +0 cloak
rCorr    .                      o - +0 pair of gloves (curse)
MR       .....                  v - +1 pair of boots
Stlth    +++.......             C - amulet of faith
HPRegen  0.24/turn              P - ring of protection from fire
MPRegen  0.15/turn              F - +4 ring of evasion

@: about to teleport, very slow
A: small, mutation resistance 1
a: Bend Time, Temporal Distortion, Slouch, Step From Time, Renounce Religion


You were on level 11 of the Dungeon.
You worshipped Cheibriados.
Cheibriados was extremely pleased with you.
You were not hungry.

You visited 2 branches of the dungeon, and saw 12 of its levels.
You also visited: Ossuary.

You collected 558 gold pieces.
You spent 240 gold pieces at shops.


Innate Abilities, Weirdness & Mutations

You are small and have problems with some larger weapons.
You are somewhat resistant to further mutation.


   Skills:
 + Level 8.4 Fighting
 + Level 10.2 Dodging
 - Level 2.1 Stealth
 - Level 3.0 Spellcasting
 - Level 2.0 Conjurations
 - Level 0.5 Transmutations
 - Level 12.0 Earth Magic
 + Level 3.2 Invocations


You had 6 spell levels left.
You knew the following spells:

 Your Spells              Type           Power        Failure   Level
x - Sandblast             Erth           ######       1%          1
z - Stone Arrow           Conj/Erth      ######       1%          3
N - Passwall              Tmut/Erth      ######..     1%          2
X - Lee's Rapid Deconstr  Erth           #######...   1%          5

Your spell library contained the following spells:

 Spells                   Type           Power        Failure   Level
 Petrify                  Tmut/Erth      ######..     4%          4

Inventory:

Hand Weapons
 a - the +6 flail of Anguish {vamp, Str+7}

   It inflicts no extra harm, but heals its wielder when it wounds a living foe.
   It affects your strength (+7).
 f - a +4 long sword of freezing
 j - a +3 demon trident of freezing (weapon)
Missiles
 r - 242 stones (quivered)
Armour
 o - a cursed +0 pair of gloves (worn)
 t - a +0 cloak (worn)
 v - a +1 pair of boots (worn)
 E - a +2 robe of the Archmagi (worn)
 L - a +0 helmet (worn)
Jewellery
 y - a +6 ring of strength
 C - an amulet of faith (around neck)
 F - a +4 ring of evasion (right hand)
 K - an uncursed ring of fire
 P - a ring of protection from fire (left hand)
Wands
 p - a wand of polymorph (9)
Scrolls
 e - 2 scrolls of fog
 g - 2 scrolls of amnesia
 i - 4 scrolls of enchant armour
 k - 3 scrolls of fear
 n - 4 scrolls of teleportation {@r4}
 s - 6 scrolls of remove curse
 D - a scroll of vulnerability {!r}
 I - 3 scrolls of blinking
 N - 2 scrolls of magic mapping
 O - a scroll of enchant weapon
Potions
 h - 5 potions of curing {@q1}
 l - 2 potions of flight {unknown}
 m - 2 potions of degeneration {unknown}
 w - 3 potions of lignification {unknown}
 x - 3 potions of mutation {unknown}
 z - a potion of magic {unknown}
 A - 2 potions of heal wounds {unknown}
 B - 3 potions of haste {unknown}
 G - 2 potions of invisibility {unknown}
 H - 4 potions of resistance
 J - 4 potions of stabbing {unknown}
 M - a potion of cancellation {unknown}
Comestibles
 d - 66 rations

Dungeon Overview and Level Annotations

Branches:
Dungeon (11/15)            Temple (1/1) D:5            Lair (0/6) D:8
    Orc (0/2) D:10        Ossuary (visited)

Altars:
Cheibriados
Dithmenos
Elyvilon
Fedhas
Hepliaklqana
Nemelex Xobeh
Ru
Sif Muna
Trog
Uskayaw
Wu Jian
Xom
Yredelemnul
Zin

Shops:
D:4 %   D:5 ? D:9

! ▒.▒.▒ ▒........▒
▒.▒.▒▒▒▒ ▒........▒
▒.....<▒ ▒........▒
▒▒▒.▒▒.▒▒▒.[......▒
..>.▒▒..▒▒[.<.....▒
▒.▒▒▒▒▒..(........▒
..▒ ▒▒▒▒........▒
.▒▒ ▒▒▒▒▒▒▒'▒▒ .▒
▒▒▒p▒ .▒▒▒▒▒ ▒.D.▒
.....▒ ▒'▒▒▒ .....▒
... .....▒ .....
.....▒ ▒......
....... ▒......
.....▒..+......
.....▒▒▒▒......


You could see an eight-headed hydra.


Message History

The eight-headed hydra barely misses you.
The eight-headed hydra misses you.
Unknown command.
Unknown command.
As you read the scroll of teleportation {@r4}, it crumbles to dust.
You feel strangely unstable.
The eight-headed hydra completely misses you.
The eight-headed hydra completely misses you.
The eight-headed hydra bites you.
* * * LOW HITPOINT WARNING * * *
The eight-headed hydra completely misses you.
The eight-headed hydra bites you!
* * * LOW HITPOINT WARNING * * *
The eight-headed hydra bites you!
* * * LOW HITPOINT WARNING * * *
The eight-headed hydra completely misses you.
The eight-headed hydra misses you.
Unknown command.
Use which ability? (? or * to list)
You can't do that.
Okay, then.
The eight-headed hydra bites you.
* * * LOW HITPOINT WARNING * * *
The eight-headed hydra completely misses you.
The eight-headed hydra closely misses you.
The eight-headed hydra bites you.
* * * LOW HITPOINT WARNING * * *
The eight-headed hydra barely misses you.
The eight-headed hydra bites you!
You die...

Action                   |  1- 3 |  4- 6 |  7- 9 | 10-12 || total
-------------------------+-------+-------+-------+-------++-------
Melee: Dagger            |    78 |   121 |    38 |       ||   237
       Unarmed           |     6 |       |       |       ||     6
       Trident           |       |       |     5 |       ||     5
       Long sword        |       |       |    40 |   293 ||   333
       Demon trident     |       |       |       |    49 ||    49
       Flail             |       |       |       |    20 ||    20
 Cast: Sandblast         |    13 |    36 |    74 |    14 ||   137
       Stone Arrow       |       |       |    32 |   104 ||   136
       Lee's Rapid Decon |       |       |       |    11 ||    11
  Use: Scroll            |       |       |       |    16 ||    16
 Stab: Sleeping          |     1 |     2 |     4 |     8 ||    15
       Distracted        |       |     1 |       |     1 ||     2
  Eat: Ration            |     1 |     2 |     2 |     5 ||    10
Armor: Robe              |    12 |    16 |    27 |    43 ||    98
Dodge: Dodged            |    67 |    86 |   107 |   493 ||   753
       Rpst.: Long sword |       |       |    20 |    98 ||   118

Levels and vault maps discovered:
D:1:      scummos_arrival_checkerplants, layout_loops_ring, minivault_19
D:2:      layout_basic, nicolae_ru_path_of_blood, lemuel_crystal_altar,
          uniq_natasha
D:3:      layout_rooms, tgw_fedhas, nemelex_xobeh_ov_fountains_minmay,
          first_ration, chequers_ecumenical_altar_grove, uniq_sigmund,
          uniq_robin
D:4:      layout_basic, serial_undead, serial_undead_b, serial_undead_d,
          serial_undead_d, serial_undead_b, serial_undead_f, serial_undead_c,
          serial_shops, shop, st_stairs_6, lemuel_blue_sif_altar
D:5:      layout_loops_cross, kennysheep_little_box, minmay_temple_entry_trees,
          nicolae_ossuary_entry_ruins, serial_shops, shop
D:6:      kennysheep_big_flooded_room, layout_basic, serial_rivers,
          chequers_serial_rivers_small_a, chequers_serial_rivers_room_a,
          chequers_serial_rivers_small_a, chequers_serial_rivers_marsh,
          lightli_orcish_oven, uniq_maggie
D:7:      layout_loops_ring, chequers_serial_rivers_room_a
D:8:      layout_basic, bloody_trog, david_lair_generic
D:9:      layout_roguey, serial_shops, kennysheep_mini
D:10:     layout_rooms, david_orc_2
D:11:     layout_roguey [special_room_bee], blue_anna_alchemist
          [blue_anna_fruit_fields, blue_anna_fruit_fields], uniq_urug
Temple:   eino_temple_scatter_basement

Notes
Turn   | Place    | Note
-------+----------+-------------------------------------------
     0 | D:1      | sanka the Halfling Earth Elementalist began the quest for
                  | the Orb.
     0 | D:1      | Reached XP level 1. HP: 11/11 MP: 3/3
   524 | D:1      | Reached XP level 2. HP: 17/17 MP: 2/4
   558 | D:1      | Learned a level 2 spell: Passwall
   774 | D:1      | Reached skill level 2 in Spellcasting
  1038 | D:1      | Reached XP level 3. HP: 17/21 MP: 6/6
  1504 | D:2      | Learned a level 3 spell: Stone Arrow
  1731 | D:2      | Reached skill level 4 in Earth Magic
  1767 | D:2      | Found a shadowy altar of Dithmenos.
  1772 | D:4      | Reached XP level 4. HP: 6/27 MP: 2/7
  2146 | D:4      | Reached skill level 5 in Earth Magic
  2146 | D:4      | Reached XP level 5. HP: 29/31 MP: 5/8
  2587 | D:4      | Found Reoth's Food Shoppe.
  2637 | D:4      | Reached skill level 6 in Earth Magic
  2637 | D:4      | Reached XP level 6. HP: 34/36 MP: 9/9
  3794 | D:4      | Reached skill level 7 in Earth Magic
  3794 | D:4      | Reached XP level 7. HP: 34/41 MP: 6/10
  3888 | D:4      | Reached skill level 1 in Conjurations
  4204 | D:7      | Reached skill level 2 in Conjurations
  4398 | D:7      | Noticed a hornet
  4418 | D:7      | Paralysed by a hornet for 3 turns
  4421 | D:7      | Killed a hornet
  4421 | D:7      | Reached skill level 8 in Earth Magic
  4421 | D:7      | Reached XP level 8. HP: 28/46 MP: 4/11
  4724 | D:7      | Reached skill level 9 in Earth Magic
  4900 | D:7      | Learned a level 5 spell: Lee's Rapid Deconstruction
  4967 | D:7      | Reached skill level 10 in Earth Magic
  5058 | D:7      | Reached XP level 9. HP: 45/51 MP: 11/13
  5556 | D:7      | Reached skill level 3 in Spellcasting
  5757 | D:7      | Reached skill level 1 in Fighting
  5757 | D:7      | Reached skill level 3 in Dodging
  5946 | D:8      | Reached skill level 2 in Fighting
  5951 | D:8      | Reached skill level 4 in Dodging
  5961 | D:8      | Reached skill level 3 in Fighting
  6084 | D:8      | Found a bloodstained altar of Trog.
  6092 | D:8      | Found a staircase to the Lair.
  6092 | D:8      | Noticed an elephant
  6133 | D:8      | Killed an elephant
  6133 | D:8      | Reached skill level 5 in Dodging
  6133 | D:8      | Reached skill level 11 in Earth Magic
  6133 | D:8      | Reached XP level 10. HP: 49/63 MP: 7/14
  6404 | D:8      | Reached skill level 4 in Fighting
  6891 | D:6      | Reached skill level 6 in Dodging
  6963 | D:6      | Identified +0 swamp dragon scales
  6963 | D:6      | Noticed Maggie
  6973 | D:6      | Killed Maggie
  7259 | D:5      | Entered Level 5 of the Dungeon
  7587 | D:5      | Found Rokkenotz's Magic Scroll Shop.
  7655 | D:5      | Found a sand-covered staircase.
  7681 | D:5      | Identified a +2 robe of the Archmagi (You found it on level
                  | 5 of the Dungeon)
  7682 | Ossuary  | Entered an ossuary
  7881 | Ossuary  | Reached skill level 5 in Fighting
  8562 | D:5      | Found a staircase to the Ecumenical Temple.
  8576 | Temple   | Entered the Ecumenical Temple
  8609 | Temple   | Became a worshipper of Cheibriados the Contemplative
  8738 | D:5      | Found a hazy altar of Hepliaklqana.
  8957 | D:4      | Found a shimmering blue altar of Sif Muna.
  9296 | D:3      | Reached * piety under Cheibriados
  9420 | D:3      | Found a sparkling altar of Nemelex Xobeh.
  9526 | D:3      | Noticed Sigmund
  9529 | D:3      | Killed Sigmund
  9529 | D:3      | Reached skill level 7 in Dodging
  9686 | D:3      | Noticed Robin
  9693 | D:3      | Reached ** piety under Cheibriados
  9696 | D:3      | Killed Robin
  9857 | D:3      | Found a blossoming altar of Fedhas.
  9879 | D:3      | Noticed an oklob plant
  9906 | D:3      | Killed an oklob plant
 10104 | D:3      | Found a faded altar of an unknown god.
 10438 | D:2      | Noticed Natasha
 10440 | D:2      | Killed Natasha
 10481 | D:2      | Found a sacrificial altar of Ru.
 10564 | D:2      | Noticed Natasha
 10577 | D:2      | Killed Natasha
 10690 | D:2      | Reached *** piety under Cheibriados
 10791 | D:2      | Noticed Natasha
 10794 | D:2      | Killed Natasha
 10966 | D:6      | Reached XP level 11. HP: 72/72 MP: 8/15
 11624 | D:8      | Reached skill level 12 in Earth Magic
 11999 | D:9      | Reached skill level 6 in Fighting
 12238 | D:9      | Noticed a two-headed ogre
 12242 | D:9      | Killed a two-headed ogre
 12242 | D:9      | Reached skill level 8 in Dodging
 12323 | D:9      | Identified 4 potions of resistance
 12676 | D:9      | Reached **** piety under Cheibriados
 12938 | D:9      | Found Weiklo's Distillery.
 13066 | D:10     | Entered Level 10 of the Dungeon
 13079 | D:10     | Reached skill level 7 in Fighting
 13099 | D:10     | Reached skill level 9 in Dodging
 13281 | D:10     | Found a staircase to the Orcish Mines.
 13372 | D:10     | Reached ***** piety under Cheibriados
 13486 | D:10     | Got a twisted flail
 13487 | D:10     | Identified the +6 flail of Anguish {vamp, Str+7} (You found
                  | it on level 10 of the Dungeon)
 13803 | D:11     | Noticed Urug
 13885 | D:11     | Killed Urug
 13885 | D:11     | Reached skill level 8 in Fighting
 13885 | D:11     | Reached skill level 1 in Invocations
 13987 | D:5      | Bought a scroll of brand weapon for 240 gold pieces
 14241 | D:11     | Reached skill level 2 in Invocations
 14241 | D:11     | Reached skill level 10 in Dodging
 14365 | D:11     | Reached XP level 12. HP: 84/84 MP: 10/16
 14410 | D:11     | Reached skill level 3 in Invocations
 14565 | D:11     | Noticed an eight-headed hydra
 14568 | D:11     | HP: 8/84 [eight-headed hydra (1)]
 14568 | D:11     | Slain by an eight-headed hydra

Vanquished Creatures
  A two-headed ogre (D:9)
  Urug (D:11)
  An oklob plant (D:3)
  An elephant (D:8)
  Maggie (D:6)
  2 centaur skeletons
  2 trolls
  A hornet (D:7)
  A queen bee (D:11)
  Sigmund (D:3)
  13 yaks
  A water moccasin (D:5)
  3 orc warriors
  2 sky beasts
  An ice beast (D:6)
  A phantom (D:4)
  3 ogres
  A black bear (D:9)
  2 crocodiles (D:8)
  9 bullfrogs
  10 scorpions
  25 killer bees (D:11)
  2 howler monkeys
  17 wights
  A centaur zombie (D:4)
  A quasit (D:7)
  A jelly (D:9)
  3 orc priests
  4 bullfrog skeletons
  2 hounds
  A human zombie (Ossuary)
  4 orc wizards
  3 iguanas
  Natasha (thrice) (D:2)
  8 worker ants
  A big kobold zombie (Ossuary)
  3 mummies (Ossuary)
  2 hound skeletons
  A howler monkey zombie (D:8)
  Robin (D:3)
  6 worker ant zombies
  18 adders
  4 gnolls (D:3)
  A howler monkey skeleton (D:4)
  3 scorpion zombies (Ossuary)
  2 shadow imps
  2 white imps
  2 oozes
  2 adder zombies (D:4)
  An adder skeleton (D:4)
  A dart slug (D:3)
  2 worms
  2 leopard geckos
  38 orcs
  A ball python (D:3)
  3 bats
  7 giant cockroaches
  15 goblins
  14 hobgoblins
  6 jackals
  12 kobolds
  6 quokkas
  A ball python zombie (D:4)
  3 frilled lizards
  2 gnoll zombies (Ossuary)
  2 goblin zombies (Ossuary)
  3 hobgoblin zombies (Ossuary)
  A jackal skeleton (D:4)
  3 kobold zombies (Ossuary)
  A leopard gecko zombie (D:4)
  An orc zombie (Ossuary)
  A quokka skeleton (D:5)
  6 rats
  A plant (D:3)
314 creatures vanquished.
